 Dungeon Crawl Stone Soup version 0.30-a0-639-g3916f1956a (webtiles) character file.

Game seed: 6319806329051577262

1908 bmack86 the Cleaver (level 8, -10/70 (71) HPs)
             Began as a Minotaur Fighter on Jan 15, 2023.
             Was a Believer of Okawaru.
             Mangled by a wight
             ... wielding a +2 scimitar
              (11 damage)
             ... on level 6 of the Dungeon.
             The game lasted 00:12:57 (4759 turns).

bmack86 the Cleaver (Minotaur Fighter)              Turns: 4759, Time: 00:12:57

HP:   -10/70 (71)   AC: 11    Str: 23    XL:     8   Next: 94%
MP:   8/8           EV:  7    Int:  5    God:    Okawaru [**....]
Gold: 608           SH:  6    Dex: 16    Spells: 7/7 levels left

rFire   . . .      SeeInvis .    f - +3 war axe (elec)
rCold   . . .      Faith    .    c - +0 buckler
rNeg    . . .      Spirit   .    q - +0 chain mail
rPois   .          Reflect  .    (helmet restricted)
rElec   .          Harm     .    B - +0 cloak
rCorr   .          Rampage  .    (no gloves)
Will    .....                    (no boots) Stlth
                                 (no amulet)
HPRegen 0.31/turn                z - +6 ring of dexterity
MPRegen 0.11/turn                (no ring)

@: lightly drained
A: horns 2, retaliatory headbutt
a: Renounce Religion, Heroism


You were on level 6 of the Dungeon.
You worshipped Okawaru.
Okawaru was pleased with you.
You visited 2 branches of the dungeon, and saw 7 of its levels.
You also visited: Ossuary.

You collected 608 gold pieces.

Inventory:

Hand Weapons
 a - a +0 war axe
 f - a +3 war axe of electrocution (weapon)
Missiles
 i - 9 javelins
 r - 4 boomerangs (quivered)
Armour
 b - a +0 scale mail
 c - a +0 buckler (worn)
 m - a scarf of invisibility
 q - a +0 chain mail (worn)
 B - a +0 cloak (worn)
Jewellery
 v - a ring of ice
 z - a +6 ring of dexterity (left hand)
Wands
 s - a wand of paralysis (16)
Scrolls
 k - a scroll of silence
 w - a scroll of amnesia {unknown}
 x - a scroll of teleportation
 y - a scroll of enchant armour {unknown}
 A - a scroll of fog {unknown}
Potions
 d - 3 potions of might
 e - 3 potions of haste
 g - 3 potions of lignification {unknown}
 h - 6 potions of mutation
 j - 3 potions of curing
 l - 2 potions of flight {unknown}
 n - 2 potions of cancellation {unknown}
 o - 6 potions of degeneration {unknown}
 p - a potion of invisibility {unknown}
 t - 2 potions of berserk rage {unknown}
 u - a potion of attraction {unknown}


   Skills:
 + Level 6.6 Fighting
 * Level 8.4 Axes
 + Level 2.3 Throwing
 + Level 6.7 Armour
 + Level 6.6 Shields
 + Level 2.3 Invocations
 - Level 2.5 Evocations


You had 7 spell levels left.
You didn't know any spells.
Your spell library contained the following spells:

 Spells                   Type           Power      Damage    Failure   Level
 Cigotuvi's Dreadful Rot  Necr/Pois/Air  0%         N/A       100%        2
 Dispel Undead            Necr           0%         3d6       100%        4
 Death Channel            Necr           Unusable   N/A       N/A         6

Dungeon Overview and Level Annotations

Branches:
Dungeon (6/15)             Temple (1/1) D:4         Ossuary (visited)

Altars:
Ashenzari
Cheibriados
Dithmenos
Elyvilon
Fedhas
Gozag
Hepliaklqana
Kikubaaqudgha
Makhleb
Nemelex Xobeh
Okawaru
Ru
Sif Muna
Trog
Uskayaw
Vehumet
Wu Jian
Xom
Yredelemnul
Zin
The Shining One

Shops:
D:2 [


Innate Abilities, Weirdness & Mutations

You have a pair of horns on your head.
You reflexively headbutt those who attack you in melee.


Message History

You destroy the wight!
Okawaru accepts your kill.
You hit the wight. x2; The wight closely misses you.
You block the wight's attack.
The wight hits you from afar with a +0 halberd!
The wight hits you with a +2 scimitar.
The wight hits you with a +0 long sword.
You feel drained.
The wight hits you from afar with a +0 halberd.
Your life force feels restored.
The wight hits you but does no damage. x2
The wight hits you with a +0 halberd.
Things that are here:
a +4 long sword; a +0 robe You barely miss the wight.
The wight is lightly damaged.
You completely miss the wight. You closely miss the wight.
The wight hits you with a +0 long sword.
You block the wight's attack. The wight hits you with a +0 halberd.
You closely miss the wight. Your headbutt misses the wight.
The wight is lightly damaged.
You hit the wight but do no damage. You hit the wight.
You block the wight's attack. The wight barely misses you.
The wight hits you with a +0 halberd.
* * * LOW HITPOINT WARNING * * *
You feel drained.
* * * LOW HITPOINT WARNING * * *
You closely miss the wight.
The wight is lightly damaged.
You hit the wight. You barely miss the wight.
The wight hits you but does no damage. The wight hits you with a +2 scimitar!
* * * LOW HITPOINT WARNING * * *
You block the wight's attack.
You slash the wight!
The wight is heavily damaged.
You slash the wight! You hit the wight but do no damage.
The wight hits you with a +0 long sword!
* * * LOW HITPOINT WARNING * * *
The wight hits you with a +2 scimitar!
You die...

#....###'#####
#..........#
#..........#
#....##'######
#....##..###.#
#######......+
#.......# ###)###'#
#.z@z#..#########
#.z..#..........#
#....#..........+ ..
#....####.#######...
#..... #.####..##..
#...... #........#..
#...... +........#..
#.......###+####'#..
...........


You could see 3 wights.

Vanquished Creatures
  The ghost of mccafe the Grave Robber, an amateur DsNe (D:5)
  Sigmund (D:3)
  An ice beast (D:5)
  A sky beast (D:6)
  An ogre (D:5)
  A kobold brigand (D:4)
  8 scorpions
  2 wights (D:6)
  4 quasits (D:5)
  3 orc priests
  2 hounds
  2 orc wizards
  9 mummies
  7 adders
  3 worms
  A dart slug (D:1)
  15 orcs
  3 endoplasms
  3 giant cockroaches
  2 gnoll zombies (Ossuary)
  8 hobgoblins
  5 jackals
  8 quokkas
  5 ball pythons
  6 bats
  5 frilled lizards
  3 goblins
  A goblin zombie (D:4)
  4 hobgoblin zombies
  6 kobolds
  A kobold zombie (Ossuary)
  2 orc zombies (Ossuary)
  5 rats
  A spectral kobold (D:2)
130 creatures vanquished.

Notes
Turn   | Place    | Note
-------+----------+-------------------------------------------
     0 | D:1      | bmack86 the Minotaur Fighter began the quest for the Orb.
     0 | D:1      | Reached XP level 1. HP: 19/19 MP: 0/0
   105 | D:1      | Reached XP level 2. HP: 23/27 MP: 1/1
   134 | D:1      | Reached skill level 3 in Axes
   518 | D:1      | Reached XP level 3. HP: 33/33 MP: 2/2
   847 | D:2      | Identified the +1 leather armour "Herch" {+Blink rElec
                  | Str+4}
   898 | D:2      | Noticed a scorpion
   908 | D:2      | Killed a scorpion
   909 | D:2      | Reached skill level 4 in Axes
   909 | D:2      | Reached XP level 4. HP: 27/40 MP: 3/3
  1067 | D:2      | Found a faded altar of an unknown god.
  1250 | D:2      | Found Nyqacs's Antique Armour Shop.
  1566 | D:3      | Reached XP level 5. HP: 47/47 MP: 4/4
  1610 | D:3      | Noticed Sigmund
  1617 | D:3      | Killed Sigmund
  1618 | D:3      | Reached skill level 5 in Axes
  1618 | D:3      | Reached skill level 1 in Evocations
  1618 | D:3      | Reached XP level 6. HP: 55/55 MP: 5/5
  1755 | D:3      | Reached skill level 5 in Fighting
  1761 | D:3      | Reached skill level 5 in Armour
  1761 | D:3      | Reached skill level 5 in Shields
  2199 | D:4      | Identified a scroll of acquirement
  2199 | D:4      | Acquired a +2 war axe of electrocution
  2225 | D:4      | Found a sand-covered staircase.
  2233 | Ossuary  | Entered an ossuary
  2251 | Ossuary  | Reached skill level 6 in Axes
  2251 | Ossuary  | Reached XP level 7. HP: 21/61 MP: 6/6
  2604 | D:4      | Found a staircase to the Ecumenical Temple.
  2614 | Temple   | Entered the Ecumenical Temple
  2697 | Temple   | Became a worshipper of Warmaster Okawaru
  2927 | D:4      | Found a blossoming altar of Fedhas.
  3412 | D:5      | Entered Level 5 of the Dungeon
  3423 | D:5      | Found a broken altar of Ashenzari.
  3658 | D:5      | Found a transporter.
  3662 | D:5      | Noticed mccafe's ghost (amateur DsNe)
  3800 | D:5      | Reached * piety under Okawaru
  3801 | D:5      | Reached skill level 7 in Axes
  3827 | D:5      | Reached XP level 8. HP: 70/70 MP: 7/7
  3954 | D:5      | Reached skill level 1 in Throwing
  3954 | D:5      | Reached skill level 1 in Invocations
  4168 | D:5      | Found a transporter.
  4455 | D:5      | Killed mccafe's ghost
  4456 | D:5      | Reached skill level 8 in Axes
  4608 | D:6      | Reached ** piety under Okawaru
  4699 | D:6      | Found an ancient bone altar of Kikubaaqudgha.
  4759 | D:6      | HP: 1/70 [wight/+0 long sword (11)]
  4759 | D:6      | Mangled by a wight

Illustrated notes

Levels and vault maps discovered:
D:1:      sevenhm_arrival_forest_fort_large_4, layout_basic
D:2:      layout_loops_ring, serial_shops, shop,
          dreamdust_ecumenical_altar_drowned_temple, minivault_14
D:3:      layout_loops_ring, nicolae_titane, uniq_sigmund
D:4:      layout_basic, mainiacjoe_overflow_24_doors,
          minmay_temple_entry_mini_moons, nicolae_ossuary_entry_giza,
          nrook_mini_backslash, minmay_small_thing
D:5:      layout_loops_ring, lemuel_doored_altar, gammafunk_ghost_stat_death,
          minmay_misc_feat_secret_circle
D:6:      layout_gridville, nicolae_qazlal_general_emergency,
          lemuel_crystal_altar, hangedman_abyss_or_decor_lesser_grid
Temple:   dpeg_five_rooms_temple

Skill      XL: |  1  2  3  4  5  6  7  8 |
---------------+-------------------------+-----
Axes           | 3 4 5 6 7 8 |  8.4
Armour         | 4 5 6 |  6.7
Shields        | 4 5 6 |  6.6
Fighting       | 4 5 6 |  6.6
Evocations     | 1 2 |  2.5
Throwing       | 2 |  2.3
Invocations    | 2 |  2.3

Action                   |  1- 3 |  4- 6 |  7- 9 || total
-------------------------+-------+-------+-------++-------
Melee: War axe           |    61 |    79 |   101 ||   241
       Headbutt          |     8 |    11 |    13 ||    32
Invok: Heroism           |       |       |     1 ||     1
  Use: Scroll            |     1 |     6 |     4 ||    11
Armor: Scale mail        |    47 |    16 |       ||    63
       Chain mail        |       |    51 |    49 ||   100
Dodge: Dodged            |    35 |    39 |    38 ||   112
Block: Buckler           |    18 |    19 |    28 ||    65

Table legend: (Time is in decaauts)
 A = Elapsed time spent in this place.
 B = Non-inter-level travel time spent in this place.
 C = Inter-level travel time spent in this place.
 D = Time resting spent in this place.
 E = Time spent auto-exploring this place.
 F = Levels seen in this place.
 G = Mean time per level.
                   A        B        C        D        E       F      G
               +--------+--------+--------+--------+--------+-----+--------+
         Total |   4824 |   4633 |    191 |    221 |   3106 |   8 |  603.0 |
       Dungeon |   4237 |   4094 |    143 |     93 |   2876 |   6 |  706.2 |
        Temple |    263 |    215 |     48 |      0 |    192 |   1 |  263.0 |
       Ossuary |    324 |    324 |      0 |    128 |     38 |   1 |  324.0 |
               +--------+--------+--------+--------+--------+-----+--------+

Top non-repeatable levels by time:
     D:5: 1102 daAuts
     D:1: 787 daAuts
     D:2: 745 daAuts
     D:4: 683 daAuts
     D:3: 665 daAuts
 Ossuary: 324 daAuts
  Temple: 263 daAuts
     D:6: 252 daAuts
